 Dungeon Crawl Stone Soup version 0.21-a0-274-gc1afaeb (webtiles) character file.

425 sscrono2 the Covert (level 6, -4/43 HPs)
             Began as an Octopode Assassin on Sept 19, 2017.
             Was an Initiate of Uskayaw.
             Slain by an ogre
             ... wielding a +0 giant spiked club
              (21 damage)
             ... on level 3 of the Dungeon.
             The game lasted 00:03:55 (2155 turns).

sscrono2 the Covert (Octopode Assassin)             Turns: 2155, Time: 00:03:55

Health: -4/43      AC:  1    Str: 12    XL:     6   Next: 96%
Magic:  6/6        EV: 13    Int: 13    God:    Uskayaw [......]
Gold:   252        SH:  0    Dex: 14    Spells: 5/5 levels left

rFire    . . .     SeeInvis .   a - +2 dagger
rCold    . . .     Gourm    .   (no shield)
rNeg     . . .     Faith    .   (helmet restricted)
rPois    .         Spirit   .   (no amulet)
rElec    .         Reflect  .   (no ring)
rCorr    .         Harm     .   (no ring)
MR       .....                  (no ring)
Stlth    +++++.....             (no ring)
HPRegen  0.14/turn              (no ring)
MPRegen  0.10/turn              (no ring)
                                (no ring)
                                (no ring)

@: no status effects
A: almost no armour, stealthy swim, amphibious, 8 rings, constrict 8, camouflage
1, gelatinous body 1
a: Renounce Religion


You were on level 3 of the Dungeon.
You worshipped Uskayaw.
Uskayaw was noncommittal.
You were not hungry.

You visited 1 branch of the dungeon, and saw 4 of its levels.

You collected 252 gold pieces.

Inventory:

Hand Weapons
 a - a +2 dagger (weapon)
 b - a +0 blowgun
Missiles
 c - 7 poisoned needles
Jewellery
 x - a cursed -3 ring of dexterity {unknown}
Wands
 d - a wand of digging (13/24)
Scrolls
 e - 3 scrolls of remove curse {unknown}
 g - a scroll of enchant armour {unknown}
 i - 3 scrolls of identify {unknown}
 j - 2 scrolls of noise {unknown}
 k - 2 scrolls of recharging {unknown}
 p - 2 scrolls of teleportation {unknown}
 w - a scroll of magic mapping {unknown}
Potions
 h - 2 potions of agility
 l - 2 potions of invisibility {unknown}
 n - a potion of might {unknown}
 o - a potion of mutation {unknown}
 q - a potion of curing {unknown}
 r - a potion of ambrosia {unknown}
 t - a potion of brilliance {unknown}
 v - a potion of cancellation {unknown}
Comestibles
 f - 2 bread rations
 m - 2 fruits
 u - a royal jelly


   Skills:
 + Level 3.7 Fighting
 * Level 4.7 Short Blades
 - Level 2.0 Throwing
 - Level 1.0 Dodging
 + Level 8.1 Stealth
 + Level 0.0 Invocations


You had 5 spell levels left.
You didn't know any spells.

Dungeon Overview and Level Annotations

Branches:
Dungeon (4/15)
 Temple: D:4-7

Altars:
Uskayaw


Innate Abilities, Weirdness & Mutations

You cannot wear most types of armour.
You are very stealthy in the water. (Stealth+)
You are amphibious.
You can wear up to eight rings at the same time.
You can use your tentacles to constrict eight enemies at once.
Your skin changes colour to match your surroundings (Stealth+).
Your rubbery body absorbs attacks. (AC +1, EV +1)


Message History

The centaur skeleton barely misses you.
The ogre hits you with a giant spiked club!!
Ouch! That really hurt!
* * * LOW HITPOINT WARNING * * *
There is a stone staircase leading up, spattered with blood here.
The centaur skeleton hits you.
* * * LOW HITPOINT WARNING * * *
The ogre closely misses you.
You climb upwards.
There is a stone staircase leading down here.
The ogre barely misses you.
You see here a leather armour.
Evoke which item? (* to show all) (? for menu, Esc to quit)
Okay, then.
Okay, then.
Okay, then.
All of the chunks of flesh in your inventory have rotted away.
There is a stone staircase leading up here.
The ogre hits you with a giant spiked club!!
You die...

########...# #.#
#######.# # #......# #
#.###### ##### # #.#
######...# # ##.##
#........# ####
#...#####.####...# ...#
###..<.........##.##
##.###.......###@##.##.#
##.............O.##.##.#
######.......######)##.#
# ##....### #....# #
#####....# #..### #
#.....#.## #.<# #
#.#####.# #..## #
#.#####.# #...# #
#.......# ##..#


You could see an ogre.

Vanquished Creatures
  Sigmund (D:2)
  A centaur (D:3)
  Terence (D:2)
  8 adders
  An ooze (D:1)
  A worm (D:3)
  4 dart slugs
  3 leopard geckos
  An orc (D:3)
  5 giant cockroaches
  8 goblins
  11 hobgoblins
  9 jackals
  5 kobolds
  2 quokkas
  3 bats
  4 frilled lizards
  11 rats
  A fungus (D:3)
80 creatures vanquished.

Notes
Turn   | Place    | Note
-------+----------+-------------------------------------------
     0 | D:1      | sscrono2 the Octopode Assassin began the quest for the Orb.
     0 | D:1      | Reached XP level 1. HP: 14/14 MP: 1/1
    50 | D:1      | Reached XP level 2. HP: 18/19 MP: 2/2
   324 | D:1      | Reached XP level 3. HP: 23/25 MP: 3/3
   615 | D:2      | Reached skill level 6 in Stealth
   615 | D:2      | Reached XP level 4. HP: 26/30 MP: 4/4
  1005 | D:2      | Noticed Sigmund
  1018 | D:2      | Killed Sigmund
  1018 | D:2      | Reached skill level 7 in Stealth
  1018 | D:2      | Reached XP level 5. HP: 25/36 MP: 5/5
  1018 | D:2      | Reached XP level 6. HP: 29/42 MP: 6/6
  1126 | D:2      | Noticed Terence
  1132 | D:2      | Killed Terence
  1270 | D:3      | Found a hide-covered altar of Uskayaw.
  1367 | D:3      | Reached skill level 8 in Stealth
  2075 | D:3      | Became a worshipper of Uskayaw the Reveler
  2155 | D:3      | Slain by an ogre

Vault maps used:
D:1:      onia_arrival_mini_maze_b, hangedman_decor_lopped
D:2:      uniq_terence, uniq_sigmund
D:3:      eat_drink_and_be_merry_uskayaw, minmay_gold_behind_fungi
D:4:      kennysheep_mini, vehumet_altar_wand_db,
          minmay_temple_entry_glassed_door, nicolae_ru_awakened_eye,
          uniq_natasha, uniq_crazy_yiuf_cottage, uniq_blork_the_orc

Skill      XL: |  1  2  3  4  5  6 |
---------------+-------------------+-----
Short Blades   | 3 4 |  4.7
Stealth        | 6 7 8 |  8.1
Fighting       | 3 |  3.7
Throwing       | |  2.0
Dodging        | |  1.0

Action                   |  1- 3 |  4- 6 || total
-------------------------+-------+-------++-------
Melee: Dagger            |    57 |    87 ||   144
       Tentacles         |    14 |    21 ||    35
       Constrict         |    15 |    24 ||    39
 Fire: Blowgun           |       |     9 ||     9
 Stab: Sleeping          |    11 |    13 ||    24
       Distracted        |       |     1 ||     1
  Eat: Chunk             |       |     4 ||     4
Armor: Skin              |     3 |     1 ||     4
Dodge: Dodged            |    23 |    46 ||    69

Table legend:
 A = Spawn XP
 B = Non-spawn XP
 C = Spawn XP percentage of total XP
 D = Spawn monster count
 E = Non-spawn monster count
 F = Spawn count percentage of total count
 G = Total turns spent on level
                    A         B        C        D         E        F      G
               +---------+---------+-------+---------+---------+-------+---------
         Total |       0 |     608 |   0.0 |       0 |      79 |   0.0 |  2155
               +---------+---------+-------+---------+---------+-------+---------
           D:1 |       0 |      54 |   0.0 |       0 |      27 |   0.0 |   535
           D:2 |       0 |     338 |   0.0 |       0 |      24 |   0.0 |   655
           D:3 |       0 |     215 |   0.0 |       0 |      27 |   0.0 |   959
           D:4 |       0 |       1 |   0.0 |       0 |       1 |   0.0 |     6
               +---------+---------+-------+---------+---------+-------+---------
